 Dungeon Crawl Stone Soup version 0.25-a0-435-g4b9beb1 (webtiles) character file.

Game seed: 6467841445972178525, levelgen mode: deterministic

75 AngryBottledMilk the Ducker (level 4, 0/26 HPs)
             Began as a Deep Elf Gladiator on Jan 27, 2020.
             Slain by a jackal (2 damage)
             ... on level 2 of the Dungeon.
             The game lasted 00:03:00 (1346 turns).

AngryBottledMilk the Ducker (Deep Elf Gladiator)    Turns: 1346, Time: 00:03:01

Health: 0/26       AC:  4    Str: 16    XL:     4   Next: 11%
Magic:  6/6        EV: 14    Int: 13    God:
Gold:   63         SH:  0    Dex: 17    Spells: 3/3 levels left

rFire    . . .     SeeInvis .   a - +0 rapier
rCold    . . .     Gourm    .   (no shield)
rNeg     . . .     Faith    .   b - +0 leather armour
rPois    .         Spirit   .   c - +0 helmet
rElec    .         Reflect  .   (no cloak)
rCorr    .         Harm     .   (no gloves)
MR       .....                  (no boots)
Stlth    +.........             (no amulet)
HPRegen  0.08/turn              (no ring)
MPRegen  0.10/turn              (no ring)

@: mighty, lethally poisoned (0 -> -2)
A: no striking features
a: no special abilities


You were on level 2 of the Dungeon.
You were not hungry.

You visited 1 branch of the dungeon, and saw 2 of its levels.

You collected 63 gold pieces.

Inventory:

Hand Weapons
 a - a +0 rapier (weapon)
Missiles
 d - 2 throwing nets (quivered)
Armour
 b - a +0 leather armour (worn)
 c - a +0 helmet (worn)
Scrolls
 e - a scroll of amnesia
 j - 2 scrolls of magic mapping {unknown}
 l - a scroll of enchant weapon {unknown}
Potions
 h - 3 potions of curing {unknown}
 i - a potion of magic {unknown}
 k - 2 potions of brilliance {unknown}
 n - a potion of mutation {unknown}
 o - a potion of haste {unknown}
Comestibles
 f - 5 rations
 m - 3 chunks of flesh


   Skills:
 + Level 2.0 Fighting
 + Level 3.8 Short Blades
 + Level 2.0 Throwing
 + Level 0.7 Armour
 + Level 4.5 Dodging
 + Level 0.4 Stealth


You had 3 spell levels left.
You didn't know any spells.
Your spell library was empty.

Dungeon Overview and Level Annotations

Branches:
Dungeon (2/15)

Altars:


Message History

You miss the adder.
The adder is heavily wounded.
The jackal bites you but does no damage.
The adder closely misses you. The jackal misses you.
The jackal closely misses you.
The jackal bites you but does no damage.
The adder closely misses you.
You puncture the adder!
You kill the adder!
You have reached level 4!
You feel clever.
You feel sick. The jackal closely misses you. x2
You hit the jackal.
The jackal is almost dead.
The jackal bites you but does no damage.
The jackal bites you.
* * * LOW HITPOINT WARNING * * *
The jackal bites you but does no damage.
The jackal bites you.
You die...

..#
##.....#
###
#.###.#
#.....# ##
##..#.##..
# #..#...
# ###.#.#
# #.....#
# #.....#
# #.h@..#
#.h†..#
#.(...#
#.......
#...#..##
#...#..#
....#..#
..##.#..#


You could see 2 jackals.

Vanquished Creatures
  A worker ant zombie (D:2)
  3 adders (D:2)
  An ooze (D:1)
  A leopard gecko (D:2)
  4 bats
  2 giant cockroaches (D:1)
  4 hobgoblins (D:1)
  6 jackals
  A quokka (D:2)
  A ball python (D:1)
  A frilled lizard (D:1)
  4 goblins (D:1)
  A kobold (D:1)
  A rat (D:1)
31 creatures vanquished.

Notes
Turn   | Place    | Note
-------+----------+-------------------------------------------
     0 | D:1      | AngryBottledMilk the Deep Elf Gladiator began the quest for
                  | the Orb.
     0 | D:1      | Reached XP level 1. HP: 12/12 MP: 3/3
   220 | D:1      | Reached XP level 2. HP: 16/17 MP: 4/4
   439 | D:1      | Reached skill level 4 in Dodging
   798 | D:2      | Reached XP level 3. HP: 15/21 MP: 5/5
  1345 | D:2      | Reached XP level 4. HP: 6/26 MP: 6/6
  1346 | D:2      | Slain by a jackal

Levels and vault maps discovered:
D:1:      roderic_crossed_star, layout_rooms, hangedman_feature_mirror,
          minivault_26, hangedman_decor_peaks_small, hex_large
D:2:      layout_basic, serial_glass, glass_columns_c, glass_columns_a

Skill      XL: |  1  2  3 |
---------------+----------+-----
Dodging        | 4 |  4.5
Fighting       | 2 |  2.0
Short Blades   | |  3.8
Throwing       | |  2.0
Armour         | |  0.7
Stealth        | |  0.4

Action                   |  1- 3 |  4- 6 || total
-------------------------+-------+-------++-------
Melee: Rapier            |   110 |     1 ||   111
Throw: Throwing net      |     1 |       ||     1
  Use: Scroll            |     2 |       ||     2
       Potion            |     1 |       ||     1
 Stab: Held in net/web   |     1 |       ||     1
       Sleeping          |     1 |       ||     1
  Eat: Chunk             |     1 |       ||     1
Armor: Leather armour    |    60 |     2 ||    62
Dodge: Dodged            |   173 |     2 ||   175

Table legend:
 A = Non-vault XP
 B = Vault XP
 C = Vault XP percentage of total XP
 D = Non-vault monster count
 E = Vault monster count
 F = Vault count percentage of total count
                 A         B        C        D         E       F
            +---------+---------+-------+---------+---------+-------
      Total |     105 |       3 |   2.8 |      29 |       2 |   6.5
            +---------+---------+-------+---------+---------+-------
        D:1 |      35 |       3 |   7.9 |      18 |       2 |  10.0
        D:2 |      70 |       0 |   0.0 |      11 |       0 |   0.0
            +---------+---------+-------+---------+---------+-------
